 Dungeon Crawl Stone Soup version 0.29.1-2-gbd0b4ee654 (webtiles) character file.

Game seed: 10063551380085732372

4 GeoRichter the Magician (level 1, 0/13 HPs)
             Began as a Demonspawn Hedge Wizard on Nov 5, 2022.
             Slain by a bat (1 damage)
             ... on level 1 of the Dungeon.
             The game lasted 00:00:57 (158 turns).

GeoRichter the Magician (Demonspawn Hedge Wizard)    Turns: 158, Time: 00:00:58

Health: 0/13       AC:  2    Str: 10    XL:     1   Next: 58%
Magic:  1/4        EV: 12    Int: 15    God:
Gold:   0          SH:  0    Dex: 12    Spells: 5/6 levels left

rFire   . . .      SeeInvis .   a - +0 dagger
rCold   . . .      Faith    .   (no shield)
rNeg    . . .      Spirit   .   b - +0 robe
rPois   .          Reflect  .   c - +0 hat
rElec   .          Harm     .   (no cloak)
rCorr   .          Rampage  .   (no gloves)
Will    .....                   (no boots)
Stlth   ++........              (no amulet)
HPRegen 0.04/turn               (no ring)
MPRegen 0.09/turn               (no ring)

@: no status effects
A: no striking features
a: no special abilities


You were on level 1 of the Dungeon.
You visited 1 branch of the dungeon, and saw 1 of its levels.

Inventory:

Hand Weapons
 a - a +0 dagger (weapon)
Armour
 b - a +0 robe (worn)
 c - a +0 hat (worn)


   Skills:
 - Level 1.7 Dodging
 - Level 1.7 Stealth
 + Level 3.0 Spellcasting
 * Level 1.5 Conjurations
 - Level 1.0 Summonings
 - Level 0.8 Translocations


You had 5 spell levels left.
You knew the following spells:

 Your Spells              Type           Power      Damage    Failure   Level
a - Magic Dart            Conj           24%        1d4       11%         1

Your spell library contained the following spells:

 Spells                   Type           Power      Damage    Failure   Level
 Slow                     Hex            8%         N/A       21%         1
 Call Imp                 Summ           5%         N/A       21%         2
 Blink                    Tloc           8%         N/A       22%         2
 Conjure Flame            Conj/Fire      4%         6-21      41%         3
 Mephitic Cloud           Conj/Pois/Air  3%         N/A       43%         3


Dungeon Overview and Level Annotations

Branches:
Dungeon (1/15) Zot: 5841

Altars:


Message History

The bat closely misses you. The bat misses you.
The goblin shouts!
The bat hits you.
There is an empty arch of ancient stone here.
The magic dart hits the goblin.
You kill the goblin!
The bat hits you but does no damage.
You hit the bat but do no damage. The bat barely misses you.
You closely miss the bat. The bat misses you. The bat barely misses you.
You hit the bat but do no damage. The bat misses you.
You closely miss the hobgoblin. The hobgoblin barely misses you.
You closely miss the hobgoblin. The hobgoblin hits you.
The magic dart hits the hobgoblin but does no damage.
The hobgoblin barely misses you.
You hit the hobgoblin but do no damage. The hobgoblin hits you.
You hit the hobgoblin. The hobgoblin hits you.
* * * LOW HITPOINT WARNING * * *
Magic courses through your body. The hobgoblin barely misses you.
You are too injured to fight recklessly!
Aim: a hobgoblin (severely wounded, 100% to hit)
The magic dart hits the hobgoblin but does no damage.
The hobgoblin closely misses you.
Aim: a hobgoblin (severely wounded, 100% to hit)
The magic dart hits the hobgoblin.
You kill the hobgoblin!
The bat hits you.
* * * LOW HITPOINT WARNING * * *
That beam is likely to hit you.
Continue anyway?
Okay, then.
Aim: a bat (100% to hit)
The magic dart hits the bat.
The bat hits you.
* * * LOW HITPOINT WARNING * * *
The bat hits you but does no damage.
You are too injured to fight recklessly!
Aim: a bat (moderately wounded, 100% to hit)
The magic dart hits the bat.
The bat barely misses you. The bat closely misses you.
You are too injured to fight recklessly!
You are too injured to fight recklessly!
You are too injured to fight recklessly!
You completely miss the bat. The bat hits you.
* * * LOW HITPOINT WARNING * * *
You start resting.
A bat is nearby!
You miss the bat. The bat hits you.
* * * LOW HITPOINT WARNING * * *
The bat hits you.
You die...

#. ....# ##.
....##
#..###g....#
#.#...#...[#
#.)8.⌠# ..#
#.8..###..#
###..†#_#⌠#.#
#..#⌠#∩#b..#
###.#.###.@8.#
#......#⌠.8..#
......##.##...#.#
#..... #.#.###..#
#.#.# #.....##..
. #. #.###...#..#
. #.# ..#.. . #.#
## #.#


You could see a bat.

Vanquished Creatures
  A giant cockroach (D:1)
  A goblin (D:1)
  A hobgoblin (D:1)
  A rat (D:1)
4 creatures vanquished.

Notes
Turn   | Place    | Note
-------+----------+-------------------------------------------
     0 | D:1      | GeoRichter the Demonspawn Hedge Wizard began the quest for
                  | the Orb.
     0 | D:1      | Reached XP level 1. HP: 13/13 MP: 4/4
   108 | D:1      | Found a faded altar of an unknown god.
   158 | D:1      | Slain by a bat

Illustrated notes

Levels and vault maps discovered:
D:1:      spicycebolla_arrival_clurvy, layout_rooms,
          shapermc_ecumenical_altar_venn

Action                   || total
-------------------------++-------
Melee: Dagger            ||    16
 Cast: Magic Dart        ||    12
  Use: Potion            ||     1
Armor: Robe              ||     3
Dodge: Dodged            ||    20
